 Dungeon Crawl Stone Soup version 0.29-a0-243-g602b31c20e (webtiles) character file.

Game seed: 13666297430073248748

19616 jt the Frost Mage (level 12, -8/49 HPs)
             Began as a Felid Ice Elementalist on Mar 4, 2022.
             Was an Initiate of Gozag.
             Mangled by Urug
             ... wielding a +4 eveningstar
              (32 damage)
             ... on level 11 of the Dungeon.
             The game lasted 01:27:54 (26478 turns).

jt the Frost Mage (Felid Ice Elementalist)         Turns: 26478, Time: 01:27:57

Health: -8/49      AC:  3    Str:  4    XL:     12   Next: 38%
Magic:  21/28      EV: 20    Int: 27    God:    Gozag
Gold:   1743       SH:  0    Dex: 17    Spells: 4/34 levels left
                                        Lives:  0   Deaths: 2

rFire   + . .      SeeInvis +   (weapon unavailable)
rCold   + . .      Faith    .   (shield unavailable)
rNeg    . . .      Spirit   .   (body armour unavailable)
rPois   .          Reflect  .   (helmet unavailable)
rElec   .          Harm     .   (cloak unavailable)
rCorr   .          Rampage  .   (gloves unavailable)
Will    +....                   (boots unavailable)
Stlth   ++........              (no amulet)
HPRegen 0.16/turn               K - +6 ring of intelligence
MPRegen 0.21/turn               j - ring of protection from fire

@: quick
A: very small, claws 1, fangs 3, see invisible, speed 1, shaggy fur 3, stealthy
paws, no weapons or thrown items, no armour, multi-lived
a: Renounce Religion, Potion Petition, Call Merchant, Bribe Branch


You were on level 11 of the Dungeon.
You worshipped Gozag.
Gozag was most pleased with you.
You visited 3 branches of the dungeon, and saw 17 of its levels.
You also visited: Sewer and Bailey.

You collected 3051 gold pieces.
You spent 1032 gold pieces at shops.
You paid 276 gold pieces to Gozag.

Inventory:

Jewellery
 c - a ring of fire
 j - a ring of protection from fire (right paw)
 m - a ring of ice
 x - a ring of poison resistance
 D - a +6 ring of strength
 G - a +6 ring of strength
 K - a +6 ring of intelligence (left paw)
Wands
 i - a wand of iceblast (21)
 s - a wand of digging (1)
 t - a wand of polymorph (4)
 B - a wand of paralysis (7)
 C - a wand of flame (11)
 E - a wand of mindburst (5)
 H - a wand of acid (6)
Scrolls
 e - 3 scrolls of vulnerability
 f - 6 scrolls of teleportation
 o - 4 scrolls of holy word
 p - a scroll of immolation
 u - a scroll of fog
 y - a scroll of amnesia
 I - a scroll of silence
 J - 2 scrolls of identify
Potions
 a - 2 potions of invisibility
 b - 2 potions of attraction
 d - 4 potions of brilliance
 g - 4 potions of haste
 h - 2 potions of ambrosia
 k - 2 potions of mutation
 l - 6 potions of curing
 n - 3 potions of berserk rage
 q - 2 potions of flight
 r - 4 potions of magic
 v - 2 potions of lignification
 w - a potion of resistance
 z - 3 potions of might
 A - 2 potions of heal wounds
Miscellaneous
 F - a condenser vane (inert)


   Skills:
 - Level 3.6 Fighting
 - Level 6.2 Dodging
 - Level 2.6 Stealth
 + Level 11.8 Spellcasting
 - Level 2.5 Conjurations
 + Level 10.5 Summonings
 + Level 0.2 Translocations
 + Level 7.0 Transmutations
 + Level 12.2 Ice Magic
 - Level 5.7 Evocations


You had 4 spell levels left.
You knew the following spells:

 Your Spells              Type           Power      Damage    Failure   Level
a - Freeze                Ice            100%       1d11      1%          1
b - Frozen Ramparts       Ice            100%       1d12      1%          3
c - Hailstorm             Conj/Ice       54%        3d12      1%          4
d - Summon Ice Beast      Ice/Summ       67%        N/A       1%          4
e - Ice Form              Ice/Tmut       61%        N/A       1%          4
f - Blink                 Tloc           34%        N/A       4%          2
g - Manifold Assault      Tloc           17%        N/A       67%         5
h - Ozocubu's Refrigerat  Ice            34%        4d11      21%         7

Your spell library contained the following spells:

 Spells                   Type           Power      Damage    Failure   Level
 Beastly Appendage        Tmut           100%       N/A       1%          1
 Sting                    Tmut/Pois      100%       1d8       1%          1
 Ensorcelled Hibernation  Hex/Ice        96%        N/A       1%          2
 Wereblood                Tmut           52%        N/A       1%          2
 Ozocubu's Armour         Ice            69%        N/A       1%          3
 Spider Form              Tmut/Pois      34%        N/A       2%          3
 Apportation              Tloc           34%        N/A       3%          1
 Corpse Rot               Necr/Air       30%        N/A       5%          2
 Poisonous Vapours        Pois/Air       30%        N/A       5%          2
 Sublimation of Blood     Necr           15%        N/A       5%          2
 Dazzling Flash           Conj/Hex       44%        N/A       6%          3
 Petrify                  Tmut/Erth      34%        N/A       9%          4
 Gell's Gravitas          Tloc           17%        N/A       10%         3
 Lesser Beckoning         Tloc           17%        N/A       10%         3
 Teleport Other           Tloc           17%        N/A       10%         3
 Tukima's Dance           Hex            15%        N/A       11%         3
 Iskenderun's Mystic Bla  Conj/Tloc      23%        2d6       21%         4
 Anguish                  Hex/Necr       7%         N/A       34%         4
 Animate Dead             Necr           7%         N/A       34%         4
 Olgreb's Toxic Radiance  Pois           15%        N/A       34%         4
 Irradiate                Conj/Tmut      20%        3d20      14%         5
 Alistair's Intoxication  Tmut/Pois      22%        N/A       24%         5
 Borgnjor's Vile Clutch   Necr/Erth      7%         N/A       69%         5
 Starburst                Conj/Fire      11%        6d5       97%         6
 Death Channel            Necr           7%         N/A       99%         6
 Enfeeble                 Hex            7%         N/A       100%        7


Dungeon Overview and Level Annotations

Branches:
Dungeon (12/15)            Temple (1/1) D:5            Lair (4/6) D:11
 Shoals (0/4) Lair:3       Spider (0/4) Lair:3        Sewer (visited)
 Bailey (visited)
    Orc: D:9-12

Altars:
Ashenzari
Cheibriados
Dithmenos
Elyvilon
Fedhas
Gozag
Hepliaklqana
Kikubaaqudgha
Makhleb
Nemelex Xobeh
Okawaru
Qazlal
Ru
Sif Muna
Trog
Uskayaw
Vehumet
Wu Jian
Xom
Yredelemnul
Zin
The Shining One

Shops:
D:1 =   D:5 (::::   D:9 ?   D:12 [

Annotations:
D:7 1 runed translucent door
D:11 Urug
Lair:4 Rupert


Innate Abilities, Weirdness & Mutations

You have sharp claws.
You have razor-sharp teeth.
You have supernaturally acute eyesight. (SInv)
You cover ground quickly. (Speed+)
Your thick and shaggy fur keeps you warm. (AC +3, rC+)
Your paws help you pounce on unaware monsters.
You are incapable of wielding weapons or throwing items.
You cannot wear armour.
You gain extra lives every three experience levels.


Message History

There is a stone staircase leading up, spattered with blood here.
You see here a +0 shortbow.
You see here a +0 dagger.
You see here a +0 short sword.
You see here a +2 short sword of venom.
There is a stone staircase leading down here.
You climb downwards.
Level annotation: Urug
There is a stone staircase leading up here.
You now have 1743 gold pieces (gained 13).
Casting: Hailstorm (dangerous; 1% risk of failure)
Confirm with . or Enter, or press ? or * to list all spells.
Casting: Hailstorm (dangerous; 1% risk of failure)
Press: ? - help, Dir - look around, f - activate A cannonade of hail descends around you!
The hail pelts Urug!
Urug partially resists.
Urug is lightly wounded.
Urug shouts!
Casting: Hailstorm (dangerous; 1% risk of failure)
Confirm with . or Enter, or press ? or * to list all spells.
A chill wind blows around you. Urug hits you with a +4 eveningstar!
Casting: Summon Ice Beast (safe; 1% risk of failure)
Confirm with . or Enter, or press ? or * to list all spells.
Aiming: Freeze (safe; 1% risk of failure)
Press: ? - help, Shift-Dir - straight line, f - Urug
Aim: Urug, wielding a +4 eveningstar, wearing a +2 chain mail of cold resistance and quivering silver javelins (lightly wounded, ally target)
Okay, then.
Aiming: Polymorph
Press: ? - help, Shift-Dir - straight line, f - Urug
Aim: Urug, wielding a +4 eveningstar, wearing a +2 chain mail of cold resistance and quivering silver javelins (lightly wounded, ally target, will become a manticore, a fire crab, or an elephant, chance to affect: 46%) Urug resists with some effort.
Urug grins and says, "Time to carve some turkeys."
Urug hits you with a +4 eveningstar!
Aiming: Polymorph
Press: ? - help, Shift-Dir - straight line, f/p - Urug
Aim: Urug, wielding a +4 eveningstar, wearing a +2 chain mail of cold resistance and quivering silver javelins (lightly wounded, ally target, will become a manticore, a fire crab, or an elephant, chance to affect: 46%) Urug resists with some effort.
Urug hits you with a +4 eveningstar!!
Ouch! That really hurt!
You die...
Your body crumbles into a pile of gold.

#...# ###<#####......
##.######............
#.##................
#.##.###............ #.##.#
######..###.# ##o#..#
##....... #..#.## #........
#.##.########...<....
######.##@##..............
##........oY..###.....)....
##..)...........>...........
#...........[...............
#...............#...........
#§..............#...........
#.§§<......############....#
#.§§.......# ...[
##§§§§§....# ##


You could see Urug (ally target) and a friendly ice beast (summoned).

Vanquished Creatures
  Snorg (D:11)
  Fannar (D:11)
  A boulder beetle (D:11)
  4 hydras
  5 two-headed ogres
  A catoblepas (D:12)
  2 death yaks (D:11)
  Sonja (D:11)
  An orc knight (Bailey)
  An ugly thing (D:11)
  A merfolk siren (Lair:3)
  A gargoyle (D:11)
  An unseen horror (D:10)
  2 cane toads (Lair:2)
  Maggie (D:7)
  4 komodo dragons
  4 trolls
  A polar bear (Lair:2)
  A blink frog (Lair:1)
  A shadow (D:11)
  A wraith (D:11)
  19 yaks
  A wyvern (D:8)
  4 basilisks
  A steam dragon (D:10)
  2 redbacks (Lair:3)
  An acid dragon (D:6)
  6 water moccasins
  Duvessa (D:7)
  An orc warrior (D:9)
  2 black bears
  3 sky beasts
  4 ogres
  5 centaurs
  8 wolves (Lair:1)
  A phantom (D:5)
  7 kobold brigands
  A gnoll sergeant (D:5)
  7 bullfrogs
  A necrophage (D:4)
  5 scorpions
  Dowan (D:7)
  4 wights (D:8)
  3 killer bees (D:9)
  2 electric eels
  4 howler monkeys
  6 hounds
  8 jellies
  4 orc priests
  Natasha (thrice) (D:2)
  2 iguanas
  4 orc wizards
  Ijyb (D:3)
  Robin (D:3)
  23 gnolls
  6 adders
  3 river rats
  A shadow imp (D:6)
  A white imp (D:8)
  An ufetubus (D:6)
  2 worms
  3 dart slugs
  34 orcs
  14 endoplasms
  3 giant cockroaches
  22 goblins
  5 hobgoblins
  13 jackals
  34 kobolds
  6 quokkas
  6 ball pythons
  4 bats
  6 frilled lizards
  A kobold zombie (D:7)
  6 rats
353 creatures vanquished.

Vanquished Creatures (collateral kills)
  A hydra (Lair:2)
  A black mamba (Lair:3)
  2 cane toads
  A hornet (Lair:3)
  3 blink frogs (Lair:3)
  7 yaks
  A water moccasin (Lair:1)
  2 wolves (Lair:1)
  A kobold brigand (D:10)
  A killer bee (D:9)
  Crazy Yiuf (D:2)
  An orc priest (D:9)
  An orc wizard (D:9)
  2 orcs (Bailey)
  A kobold (D:10)
  A quokka (D:11)
27 creatures vanquished.

Vanquished Creatures (others)
  7 fungi
  55 plants
62 creatures vanquished.

Grand Total: 442 creatures vanquished

Notes
Turn   | Place    | Note
-------+----------+-------------------------------------------
     0 | D:1      | jt the Felid Ice Elementalist began the quest for the Orb.
     0 | D:1      | Reached XP level 1. HP: 7/7 MP: 4/4
   241 | D:1      | Found Ymoxilev's Jewellery Boutique.
   354 | D:1      | Reached XP level 2. HP: 11/11 MP: 3/6
   622 | D:1      | Reached skill level 4 in Ice Magic
  1120 | D:1      | Reached XP level 3. HP: 14/14 MP: 5/8
  1124 | D:1      | Learned a level 3 spell: Frozen Ramparts
  1863 | D:2      | Noticed Natasha
  2420 | D:2      | Killed Natasha
  2421 | D:2      | Reached XP level 4. HP: 18/18 MP: 4/9
  2668 | D:2      | Noticed Natasha
  2676 | D:2      | Killed Natasha
  2810 | D:2      | Noticed Natasha
  2817 | D:2      | Killed Natasha
  2818 | D:2      | Reached XP level 5. HP: 7/21 MP: 4/11
  3295 | D:2      | Found a runed translucent door.
  3296 | D:2      | Noticed Crazy Yiuf
  3643 | D:3      | Found a glowing drain.
  3760 | Sewer    | Entered a sewer
  3766 | Sewer    | Reached skill level 5 in Ice Magic
  4643 | D:3      | Noticed Ijyb
  4803 | D:3      | Killed Ijyb
  5099 | D:3      | Gained mutation: You are covered in thick fur. (AC +2)
                  | [Felid growth]
  5099 | D:3      | Reached XP level 6. HP: 24/24 MP: 4/13
  5563 | D:3      | Noticed Robin
  5605 | D:3      | Killed Robin
  6212 | D:4      | Reached skill level 5 in Spellcasting
  6212 | D:4      | Reached skill level 6 in Ice Magic
  6212 | D:4      | Reached XP level 7. HP: 27/27 MP: 8/15
  6396 | D:4      | Found a radiant altar of Vehumet.
  7499 | D:5      | Entered Level 5 of the Dungeon
  7566 | D:5      | Found Cyicem's Book Shoppe.
  7754 | D:5      | Learned a level 4 spell: Hailstorm
  7811 | D:5      | Reached skill level 7 in Ice Magic
  7814 | D:5      | Reached skill level 1 in Conjurations
  7814 | D:5      | Reached XP level 8. HP: 28/31 MP: 10/18
  7888 | D:5      | Found a staircase to the Ecumenical Temple.
  7907 | Temple   | Entered the Ecumenical Temple
  8101 | D:5      | Found Arimojod's Book Shoppe.
  8109 | D:5      | Found Zif High's Book Emporium.
  8119 | D:5      | Found Xeupnuinnae's Book Shop.
  8182 | D:5      | Found an opulent altar of Gozag.
  8197 | D:5      | Became a worshipper of Gozag Ym Sagoz the Greedy
  8656 | D:5      | Found Nutowygry's Weapon Shop.
 10013 | D:6      | Reached skill level 1 in Summonings
 10323 | D:6      | Reached skill level 8 in Ice Magic
 11232 | D:7      | Reached XP level 9. HP: 34/34 MP: 6/21
 11427 | D:7      | Noticed Duvessa
 11436 | D:7      | Killed Duvessa
 11463 | D:7      | Noticed Dowan
 11479 | D:7      | Killed Dowan
 11496 | D:7      | Reached skill level 1 in Evocations
 11624 | D:7      | Found a sacrificial altar of Ru.
 11807 | D:7      | Found a runed translucent door.
 11821 | D:7      | Found a basalt altar of Yredelemnul.
 11825 | D:7      | Noticed Maggie
 11839 | D:7      | Killed Maggie
 11965 | D:7      | Learned a level 4 spell: Summon Ice Beast
 12092 | D:7      | Found a shimmering altar of Xom.
 12207 | D:7      | Found an iron altar of Okawaru.
 12208 | D:7      | Found a hide-covered altar of Uskayaw.
 12213 | D:7      | Found a white marble altar of Elyvilon.
 12762 | D:8      | Noticed a two-headed ogre
 12857 | D:8      | Found a flagged portal.
 12866 | Bailey   | Entered a bailey
 13421 | Bailey   | Noticed an orc knight
 13429 | Bailey   | Killed an orc knight
 13507 | Bailey   | Reached skill level 9 in Ice Magic
 13507 | Bailey   | Reached skill level 5 in Evocations
 13507 | Bailey   | Reached XP level 10. HP: 42/42 MP: 22/24
 13686 | D:8      | Reached XP level 11. HP: 45/45 MP: 9/25
 13956 | D:8      | Killed a two-headed ogre
 15215 | D:9      | Found Gipem's Magic Scroll Shop.
 15219 | D:9      | Bought a scroll of identify for 22 gold pieces
 15219 | D:9      | Bought a scroll of identify for 22 gold pieces
 15395 | D:9      | Identified the +1 pair of boots of Rephunaf {Str+2 Dex+7}
 15643 | D:9      | Reached skill level 10 in Ice Magic
 15974 | D:9      | Noticed a two-headed ogre
 15981 | D:9      | Killed a two-headed ogre
 16760 | D:10     | Entered Level 10 of the Dungeon
 17075 | D:10     | Noticed a two-headed ogre
 17114 | D:10     | Killed a two-headed ogre
 17115 | D:10     | Reached skill level 10 in Spellcasting
 18199 | D:10     | Learned a level 4 spell: Ice Form
 18234 | D:11     | Noticed a boulder beetle
 18413 | D:11     | Noticed a two-headed ogre
 18427 | D:11     | Killed a two-headed ogre
 18428 | D:11     | Reached skill level 1 in Transmutations
 18609 | D:11     | Noticed Sonja
 18613 | D:11     | Killed Sonja
 18647 | D:11     | Noticed Fannar
 18830 | D:11     | Killed a boulder beetle
 18831 | D:11     | Gained mutation: Your thick and shaggy fur keeps you warm.
                  | (AC +3, rC+) [Felid growth]
 18831 | D:11     | Reached XP level 12. HP: 49/49 MP: 2/27
 18975 | D:11     | Noticed a two-headed ogre
 19066 | D:11     | Killed Fannar
 19067 | D:11     | Reached skill level 11 in Ice Magic
 19132 | D:11     | Noticed Urug
 19145 | D:11     | Hit by a silver javelin thrown by Urug
 19146 | D:11     | Reached XP level 11. HP: -4/54 MP: 19/26
 19164 | D:11     | Noticed Snorg
 19200 | D:12     | Noticed a centaur warrior
 19200 | D:12     | Found Aclon's Antique Armour Shoppe.
 19217 | D:12     | Noticed a catoblepas
 19233 | D:12     | HP: 2/45 [catoblepas/blast of calcifying dust (1)]
 19234 | D:12     | Killed a catoblepas
 19235 | D:12     | Killed from afar by an acid dragon
 19236 | D:12     | Reached XP level 10. HP: -13/42 MP: 11/25
 19412 | D:11     | Killed a gargoyle
 19510 | D:11     | Noticed a death yak
 19519 | D:11     | Noticed a death yak
 19522 | D:11     | Killed a two-headed ogre
 19540 | D:11     | Killed a death yak
 19541 | D:11     | Noticed a death yak
 19570 | D:11     | Noticed a red ugly thing
 19599 | D:11     | Found a staircase to the Lair.
 19610 | D:11     | Killed a death yak
 19638 | D:11     | Killed Snorg
 19817 | D:11     | Killed a red ugly thing
 19818 | D:11     | Reached XP level 11. HP: 45/45 MP: 15/26
 19931 | Lair:1   | Entered Level 1 of the Lair of Beasts
 20175 | Lair:1   | Noticed a four-headed hydra
 20191 | Lair:1   | Killed a four-headed hydra
 20360 | Lair:1   | Reached skill level 5 in Transmutations
 20522 | Lair:1   | Noticed a six-headed hydra
 20549 | Lair:1   | Killed a six-headed hydra
 21644 | Lair:2   | Noticed a six-headed hydra
 21665 | Lair:2   | Killed a six-headed hydra
 21968 | Lair:2   | Reached skill level 10 in Summonings
 22288 | Lair:2   | Noticed a four-headed hydra
 22305 | Lair:2   | Killed a four-headed hydra
 23136 | Lair:3   | Reached XP level 12. HP: 49/49 MP: 12/28
 23412 | Lair:3   | Noticed an eight-headed hydra
 23437 | Lair:3   | Killed an eight-headed hydra
 23438 | Lair:3   | Reached skill level 12 in Ice Magic
 23742 | Lair:3   | Found a hole to the Spider Nest.
 24402 | Lair:3   | Identified the +3 hand axe of the Morning {vorpal, *Slow
                  | rN++ Dex+10}
 24730 | Lair:3   | Found a staircase to the Shoals.
 25286 | Lair:4   | Noticed Rupert
 25688 | D:5      | Bought a book of Spatial Translocations for 286 gold pieces
 25691 | D:5      | Learned a level 2 spell: Blink
 25697 | D:5      | Learned a level 5 spell: Manifold Assault
 25861 | D:1      | Bought a +6 ring of intelligence for 702 gold pieces
 25874 | D:1      | Learned a level 7 spell: Ozocubu's Refrigeration
 25950 | D:2      | Killed Crazy Yiuf
 26478 | D:11     | Mangled by Urug

Illustrated notes

Levels and vault maps discovered:
D:1:      roderic_dead_forest, layout_loops_ring, serial_shops,
          nicolae_lakefront_shop, nicolae_concentric_dashed_squares_wild,
          minmay_bisected
D:2:      layout_basic, chequers_big_river, uniq_crazy_yiuf_cottage,
          uniq_natasha
D:3:      layout_basic, portal_sewer_entry_a, kennysheep_generic_room_16,
          uniq_robin, uniq_ijyb
D:4:      cheibrodos_barr_body, layout_loops_corners, kennysheep_mini
D:5:      layout_basic, grunt_gozag_breadcrumbs, minmay_temple_entry_offerings,
          serial_shops, nicolae_shop_competitors_out_of_business, shop,
          kennysheep_mini_moat, nicolae_shop_bloodbath_and_beyond, shop,
          minmay_splitting_lines
D:6:      layout_layer_cave
D:7:      layout_basic, lemuel_crystal_altar, dk_yredelemnul_ordeal,
          elyvilon_altar_5, nicolae_overflow_hidden_temple,
          minmay_ruined_shrine, uniq_maggie, uniq_duvessa
D:8:      layout_basic, lightli_bailey_entry_fortress, lemuel_another_geyser
D:9:      layout_long_grid, serial_shops, nicolae_shop_hallway_stairs,
          minivault_14, kennysheep_nub, blue_anna_alchemist
D:10:     layout_rooms
D:11:     layout_rooms, dpeg_lair_monsters, orc_0_dummy,
          nicolae_looking_at_the_future, uniq_sonja, uniq_snorg, uniq_erolcha,
          uniq_urug, uniq_fannar
D:12:     layout_loops_ring, serial_shops, nicolae_shop_hallway_stairs,
          nicolae_uskayaw_murder_on_the_dancefloor
Temple:   minmay_freezing_vapour_temple
Lair:1:   layout_hall_layers, nicolae_quartered_pool_impasse, st_stairs_7,
          serial_bayou_pond_d, grunt_megastairs_2
Lair:2:   layout_chaotic_city, minivault_26, minivault_24, serial_bayou_shore_b,
          serial_bayou_shore_a
Lair:3:   layout_cave_pods, minmay_shoals_entry_lonely_mermaid,
          spider_nest_entry_webs, minivault_19
Lair:4:   layout_layer_cave, nicolae_lair_time_for_slime, uniq_rupert

Skill      XL: |  1  2  3  4  5  6  7  8  9 10 11 12 |
---------------+-------------------------------------+-----
Ice Magic      | 4 5 6 7 8 9 10 12 | 12.2
Spellcasting   | 3 4 5 6 7 9 11 | 11.8
Conjurations   | 1 2 |  2.5
Summonings     | 2 6 9 10 | 10.5
Evocations     | 5 |  5.7
Fighting       | 3 |  3.6
Dodging        | 6 |  6.2
Transmutations | 4 6 7 |  7.0
Stealth        | |  2.6
Translocations | |  0.2

Action                   |  1- 3 |  4- 6 |  7- 9 | 10-12 || total
-------------------------+-------+-------+-------+-------++-------
Melee: Unarmed           |     9 |    36 |    52 |    58 ||   155
       Bite              |       |     1 |     2 |     7 ||    10
 Cast: Freeze            |    54 |    75 |   102 |    65 ||   296
       Frozen Ramparts   |     2 |    19 |    53 |    45 ||   119
       Hailstorm         |       |       |    12 |   186 ||   198
       Summon Ice Beast  |       |       |     2 |    47 ||    49
       Ice Form          |       |       |       |     5 ||     5
Invok: Potion Petition   |       |       |       |     1 ||     1
Evoke: Wand              |       |       |    11 |    26 ||    37
       Condenser vane    |       |       |       |     2 ||     2
  Use: Potion            |     1 |     2 |     1 |     7 ||    11
       Scroll            |     2 |     3 |     9 |    12 ||    26
 Stab: Sleeping          |     2 |     6 |    11 |       ||    19
       Distracted        |       |       |       |     1 ||     1
Armor: Skin              |       |     4 |    16 |    11 ||    31
Dodge: Dodged            |    33 |    50 |    92 |   126 ||   301

Table legend: (Time is in decaauts)
 A = Elapsed time spent in this place.
 B = Non-inter-level travel time spent in this place.
 C = Inter-level travel time spent in this place.
 D = Time resting spent in this place.
 E = Time spent auto-exploring this place.
 F = Levels seen in this place.
 G = Mean time per level.
                   A        B        C        D        E       F      G
               +--------+--------+--------+--------+--------+-----+--------+
         Total |  23980 |  22721 |   1259 |  10218 |   7191 |  19 | 1262.1 |
       Dungeon |  17460 |  16336 |   1124 |   7204 |   5038 |  12 | 1455.0 |
        Temple |     14 |     14 |      0 |      0 |      0 |   1 |   14.0 |
          Lair |   4988 |   4854 |    134 |   2393 |   1623 |   4 | 1247.0 |
         Sewer |    885 |    885 |      0 |    250 |    453 |   1 |  885.0 |
        Bailey |    632 |    632 |      0 |    370 |     75 |   1 |  632.0 |
               +--------+--------+--------+--------+--------+-----+--------+

Top non-repeatable levels by time:
     D:1: 2205 daAuts
     D:6: 1904 daAuts
     D:4: 1811 daAuts
     D:8: 1775 daAuts
  Lair:3: 1759 daAuts
  Lair:1: 1508 daAuts
    D:10: 1507 daAuts
     D:2: 1502 daAuts
     D:7: 1480 daAuts
     D:9: 1399 daAuts
  Lair:2: 1341 daAuts
    D:11: 1309 daAuts
     D:3: 1296 daAuts
     D:5: 1215 daAuts
   Sewer: 885 daAuts
